 Dungeon Crawl Stone Soup version 0.20.1-1-g8b1a95d (webtiles) character file.

2331 slep the Carver (level 9, 0/118 HPs)
             Began as a Hill Orc Abyssal Knight on Oct 25, 2017.
             Was a Priest of Lugonu.
             Slain by a warg (9 damage)
             ... on level 7 of the Dungeon.
             The game lasted 00:40:03 (5825 turns).

slep the Carver (Hill Orc Abyssal Knight)           Turns: 5825, Time: 00:40:04

Health: 0/118      AC: 24    Str: 19    XL:     9   Next: 42%
Magic:  11/11      EV:  2    Int: 12    God:    Lugonu [***...]
Gold:   415        SH:  0    Dex: 19    Spells: 8/8 levels left

rFire    . . .     SeeInvis .   E - +0 mace (holy)
rCold    . . .     Gourm    .   (no shield)
rNeg     + + +     Faith    .   (armour currently unavailable)
rPois    +         Spirit   .   (helmet currently unavailable)
rElec    .         Reflect  .   (cloak currently unavailable)
rCorr    +         Harm     .   (gloves currently unavailable)
MR       .....     NoTele   +   (boots currently unavailable)
Stlth    ++........             M - amulet of regeneration
Regen    0.7/turn               d - ring of resist corrosion
MPRegen  0.2/turn               F - ring "Fymyqywn" {Str+4 Dex+2}

@: tree-form
A: agile 2, blurry vision 1
a: Depart the Abyss, Bend Space, Banish, Renounce Religion


You were on level 7 of the Dungeon.
You worshipped Lugonu.
Lugonu was most pleased with you.
You were not hungry.
You were a tree.
You visited 2 branches of the dungeon, and saw 8 of its levels.
You visited the Abyss 1 time.

You collected 415 gold pieces.

Inventory:

Hand Weapons
 a - a +2 falchion
 w - a +0 dagger of draining
 E - a +0 mace of holy wrath (weapon)
 G - a -3 battleaxe
Missiles
 n - 17 javelins (quivered)
 I - 8 tomahawks
Armour
 b - a +0 leather armour
 m - +1 pearl dragon scales (melded)
 q - a +2 pair of boots (melded)
 J - a +1 chain mail of fire resistance
 L - a +0 cloak (melded)
Jewellery
 d - a ring of resist corrosion (left branch)
 F - the ring "Fymyqywn" (right branch) {Str+4 Dex+2}
   (You found it on level 4 of the Dungeon)

   [ring of dexterity]

   It affects your strength (+4).
   It affects your dexterity (+2).
 M - an amulet of regeneration (around neck)
Wands
 y - a wand of random effects (28/48)
 N - a wand of paralysis (14/24)
Scrolls
 e - a scroll of recharging {unknown}
 g - 2 scrolls of enchant armour
 h - 3 scrolls of fog
 i - 6 scrolls of identify
 j - 4 scrolls of remove curse
 k - 5 scrolls of teleportation
 l - 2 scrolls of enchant weapon
 u - 2 scrolls of immolation
 x - 2 scrolls of random uselessness {unknown}
 A - 2 scrolls of noise
 D - 2 scrolls of blinking
Potions
 o - a potion of magic
 p - 2 potions of resistance
 v - 2 potions of curing
 B - a potion of lignification
 H - 2 potions of agility
Books
 z - a book of Conjurations

   Spells                             Type                      Level
   a - Magic Dart                     Conjuration                  1
   b - Searing Ray                    Conjuration                  2
   c - Dazzling Spray                 Conjuration/Hexes            3
   d - Fulminant Prism                Conjuration/Hexes            4
   e - Force Lance                    Conjuration/Translocation    4
   f - Iskenderun's Mystic Blast      Conjuration                  4
 C - a book of Misfortune

   Spells                             Type                      Level
   a - Confusing Touch                Hexes                        1
   b - Confuse                        Hexes                        3
   c - Gell's Gravitas                Translocation                3
   d - Petrify                        Transmutation/Earth          4
   e - Metabolic Englaciation         Hexes/Ice                    5
   f - Yara's Violent Unravelling     Hexes/Transmutation          5
 K - a book of Maledictions

   Spells                             Type                      Level
   a - Corona                         Hexes                        1
   b - Ensorcelled Hibernation        Hexes/Ice                    2
   c - Confuse                        Hexes                        3
   d - Tukima's Dance                 Hexes                        3
   e - Dazzling Spray                 Conjuration/Hexes            3
Comestibles
 c - 7 bread rations
 f - 2 royal jellies
 r - 5 fruits
 s - 2 meat rations
 t - a chunk of flesh


   Skills:
 + Level 7.1 Fighting
 + Level 9.4 Long Blades
 + Level 3.1(3.2) Axes
 + Level 0.7(1.7) Maces & Flails
 + Level 0.1 Throwing
 + Level 6.0 Armour
 + Level 3.3 Dodging
 + Level 0.6 Stealth
 + Level 2.8 Invocations


You had 8 spell levels left.
You didn't know any spells.

Dungeon Overview and Level Annotations

Branches:
Dungeon (7/15)             Temple (1/1) D:6

Altars:
Ashenzari
Cheibriados
Dithmenos
Elyvilon
Fedhas
Gozag
Hepliaklqana
Kikubaaqudgha
Nemelex Xobeh
Okawaru
Qazlal
Sif Muna
Trog
Uskayaw
Vehumet
Xom
Yredelemnul
The Shining One


Innate Abilities, Weirdness & Mutations

((You are partially covered in thin metallic scales. (AC +2)))
You are very agile. (Dex +4)
Scrolls take you a little longer to read.


Message History

* * * LOW HITPOINT WARNING * * *
You barely miss the warg.
The warg is lightly wounded.
The warg bites you but does no damage. x2
You feel better. The warg barely misses you.
You hit the warg but do no damage.
The warg is lightly wounded.
The warg bites you.
* * * LOW HITPOINT WARNING * * *
The warg barely misses you.
You closely miss the warg.
The warg is lightly wounded.
The warg bites you.
* * * LOW HITPOINT WARNING * * *
You sock the warg!
The warg is moderately wounded.
The warg barely misses you. The warg bites you.
* * * LOW HITPOINT WARNING * * *
You feel better. The warg bites you!
You die...

#+###≈≈P...##
############...#≈≈....#+
..:........#.o.#≈≈....##
≈≈≈≈≈≈≈≈≈≈≈#####≈≈....##
≈≈≈≈≈≈≈≈≈≈≈≈≈≈≈≈≈≈....#
≈≈≈≈≈≈≈≈≈≈≈≈≈≈≈≈≈≈....#
.......o........P.....##
######h#######.###### #
#♣# #.#...# # #.#
#...#.# # #.# ###...# ##
#.# ##.####. ..# #.###..
### #.##... #......
####... ##..


You could see a warg and an orc.

Vanquished Creatures
  A hungry ghost (D:5)
  Eustachio (D:4)
  2 wargs (D:7)
  An ice beast (D:7)
  A black bear (D:7)
  A necrophage (D:6)
  2 ogres
  2 centaurs (D:5)
  A big kobold (D:7)
  4 bullfrogs (D:6)
  A howler monkey (D:5)
  A crimson imp (D:6)
  A centaur zombie (D:5)
  3 orc priests (D:6)
  A bullfrog skeleton (D:4)
  A hound (D:4)
  6 jellies
  A centaur skeleton (D:6)
  Jessica (D:3)
  3 orc wizards (D:6)
  5 worker ants
  3 gnolls (D:5)
  A howler monkey skeleton (D:5)
  5 adders
  A shadow imp (D:5)
  9 oozes
  3 adder skeletons
  An adder zombie (D:1)
  2 dart slugs
  4 leopard geckos
  10 orcs
  8 bats
  8 giant cockroaches
  6 goblins
  A hobgoblin (D:3)
  4 jackals (D:7)
  2 ball pythons
  3 frilled lizards
  2 giant cockroach zombies
  15 kobolds
  5 rats
  A fungus (D:4)
134 creatures vanquished.

Vanquished Creatures (others)
  A fungus (D:4)
  6 starspawn tentacles (Abyss:1)
  9 toadstools (D:4)
16 creatures vanquished.

Grand Total: 150 creatures vanquished

Notes
Turn   | Place    | Note
-------+----------+-------------------------------------------
     0 | Abyss:1  | slep the Hill Orc Abyssal Knight began the quest for the Orb.
     0 | Abyss:1  | Reached XP level 1. HP: 19/19 MP: 2/2
    80 | Abyss:1  | Found a corrupted altar of Lugonu.
   131 | Abyss:1  | Noticed a tentacled starspawn
   159 | Abyss:1  | Noticed a cyan very ugly thing
   194 | Abyss:2  | Noticed a starcursed mass
   194 | Abyss:2  | Noticed a small abomination
   197 | D:1      | Escaped the Abyss
   333 | D:1      | Reached XP level 2. HP: 7/27 MP: 3/3
   501 | D:1      | Reached * piety under Lugonu
   763 | D:1      | Reached XP level 3. HP: 32/33 MP: 5/5
   771 | D:1      | Reached skill level 1 in Dodging
  1421 | D:2      | Noticed a water elemental
  1422 | D:2      | Found a stormy altar of Qazlal.
  1424 | D:2      | Noticed an earth elemental
  1425 | D:2      | Noticed a fire elemental
  1425 | D:2      | Noticed an air elemental
  1490 | D:2      | Found a bloodstained altar of Trog.
  2044 | D:2      | Reached skill level 3 in Long Blades
  2044 | D:2      | Reached XP level 4. HP: 38/41 MP: 6/6
  2181 | D:3      | Noticed Jessica
  2199 | D:3      | Killed Jessica
  2437 | D:3      | Found an opulent altar of Gozag.
  2485 | D:3      | Found a sparkling altar of Nemelex Xobeh.
  2485 | D:3      | Found a basalt altar of Yredelemnul.
  3248 | D:4      | Found a blossoming altar of Fedhas.
  3320 | D:4      | Reached XP level 5. HP: 47/47 MP: 7/7
  3331 | D:4      | Reached skill level 4 in Long Blades
  3376 | D:4      | Got a smoking iron ring
  3377 | D:4      | Identified the ring "Fymyqywn" {Str+4 Dex+2} (You found it on level 4 of the Dungeon)
  3498 | D:4      | Reached XP level 6. HP: 50/53 MP: 8/8
  3567 | D:4      | Reached skill level 5 in Long Blades
  3579 | D:4      | Reached skill level 1 in Axes
  3649 | D:4      | Noticed Eustachio
  3875 | D:4      | Reached ** piety under Lugonu
  3894 | D:4      | Reached XP level 7. HP: 49/60 MP: 9/9
  3900 | D:4      | Reached skill level 5 in Fighting
  3921 | D:4      | Gained mutation: You have sharp toenails. [potion of mutation]
  3921 | D:4      | Gained mutation: You have razor-sharp toenails. [potion of mutation]
  3921 | D:4      | Gained mutation: You tend to lose your temper in combat. [potion of mutation]
  3921 | D:4      | Gained mutation: You are partially covered in iridescent scales. (AC +2) [potion of mutation]
  3922 | D:4      | Lost mutation: You tend to lose your temper in combat. [potion of mutation]
  3922 | D:4      | Lost mutation: You have razor-sharp toenails. [potion of mutation]
  3922 | D:4      | Lost mutation: You have sharp toenails. [potion of mutation]
  3922 | D:4      | Lost mutation: You are partially covered in iridescent scales. (AC +2) [potion of mutation]
  3922 | D:4      | Gained mutation: You are partially covered in thin metallic scales. (AC +2) [potion of mutation]
  3922 | D:4      | Gained mutation: Scrolls take you a little longer to read. [potion of mutation]
  3922 | D:4      | Gained mutation: You are agile. (Dex +2) [potion of mutation]
  3922 | D:4      | Gained mutation: You are very agile. (Dex +4) [potion of mutation]
  4009 | D:4      | Killed Eustachio
  4009 | D:4      | Reached skill level 6 in Long Blades
  4044 | D:5      | Entered Level 5 of the Dungeon
  4187 | D:5      | Found an iron altar of Okawaru.
  4189 | D:5      | Found a shimmering altar of Xom.
  4281 | D:5      | Reached XP level 8. HP: 50/69 MP: 10/10
  4552 | D:5      | Reached skill level 7 in Long Blades
  4770 | D:6      | Reached skill level 5 in Armour
  4838 | D:6      | Reached *** piety under Lugonu
  4844 | D:6      | Reached skill level 8 in Long Blades
  5100 | D:6      | Reached XP level 9. HP: 75/78 MP: 11/11
  5188 | D:6      | Found a staircase to the Ecumenical Temple.
  5194 | Temple   | Entered the Ecumenical Temple
  5448 | D:7      | Reached skill level 9 in Long Blades
  5819 | D:7      | HP: 5/118 [warg (7)]
  5824 | D:7      | HP: 3/118 [warg (3)]
  5825 | D:7      | Slain by a warg

Skill      XL: |  1  2  3  4  5  6  7  8  9 |
---------------+----------------------------+-----
Fighting       | 4 5 6 7 |  7.1
Dodging        | 1 2 3 |  3.3
Long Blades    | 3 4 5 6 8 9 |  9.4
Armour         | 3 4 5 6 |  6.0
Axes           | 1 3 |  3.1
Maces & Flails | |  0.7
Throwing       | |  0.1
Stealth        | |  0.6
Invocations    | |  2.8

Action                   |  1- 3 |  4- 6 |  7- 9 || total
-------------------------+-------+-------+-------++-------
Melee: Falchion          |   110 |   112 |   278 ||   500
       Battleaxe         |       |    35 |       ||    35
       Mace              |       |       |    62 ||    62
Throw: Javelin           |       |       |     4 ||     4
Invok: Depart the Abyss  |     1 |       |       ||     1
  Use: Scroll            |       |    12 |     2 ||    14
       Potion            |       |       |     6 ||     6
  Eat: Chunk             |     4 |     5 |     4 ||    13
       Meat ration       |       |       |     1 ||     1
       Bread ration      |       |       |     1 ||     1
Armor: Leather armour    |    16 |       |       ||    16
       Pearl dragon scal |    37 |    94 |   189 ||   320
       Skin              |       |       |     9 ||     9
Dodge: Dodged            |    74 |    79 |   168 ||   321
       Rpst.: Falchion   |    22 |    18 |    36 ||    76
